 Dungeon Crawl Stone Soup version 0.27-a0-59-gfbafd837a3 (webtiles) character file.

Game seed: 11445846776691011744

5302 kae the Martial Artist (level 10, -7/82 HPs)
             Began as an Octopode Transmuter on Jan 8, 2021.
             Was an Initiate of Ru.
             Mangled by a troll (14 damage)
             ... on level 9 of the Dungeon.
             The game lasted 00:08:38 (13800 turns).

kae the Martial Artist (Octopode Transmuter)       Turns: 13800, Time: 00:08:39

Health: -7/82      AC:  6    Str: 12    XL:     10   Next: 63%
Magic:  10/14      EV: 14    Int: 15    God:    Ru [......]
Gold:   714        SH:  0    Dex: 14    Spells: 2/15 levels left

rFire    x . .     SeeInvis .     - Unarmed
rCold    + + +     Faith    .   (shield currently unavailable)
rNeg     + . .     Spirit   .   (helmet currently unavailable)
rPois    +         Reflect  .   k - amulet of magic regeneration
rElec    .         Harm     .   f - ring of positive energy
rCorr    .         Rampage  .   (no ring)
Will     .....                  (no ring)
Stlth    +.........             (no ring)
HPRegen  0.23/turn              (no ring)
MPRegen  0.39/turn              (no ring)
                                (no ring)
                                (no ring)

@: ice-form, very slightly contaminated
A: large, almost no armour, stealthy swim, amphibious, 8 rings, (constrict 8)
a: End Transformation, Renounce Religion


You were on level 9 of the Dungeon.
You worshipped Ru.
Ru was noncommittal.
You were a creature of crystalline ice.
You visited 2 branches of the dungeon, and saw 10 of its levels.

You collected 714 gold pieces.

Inventory:

Jewellery
 f - a ring of positive energy (left front paw)
 k - an amulet of magic regeneration (around neck)
 t - a +6 ring of strength {unknown}
Wands
 c - a wand of acid (14)
 o - a wand of random effects (14)
 p - a wand of flame (13)
Scrolls
 b - 6 scrolls of remove curse
 d - a scroll of teleportation
 h - 5 scrolls of fog
 j - a scroll of amnesia
 l - a scroll of noise
 m - a scroll of enchant weapon
 r - a scroll of fear
 u - a scroll of random uselessness {unknown}
 v - a scroll of identify
Potions
 a - a potion of magic
 e - 2 potions of heal wounds
 g - 6 potions of curing
 i - 2 potions of haste
 n - 2 potions of flight
 q - a potion of brilliance {unknown}
 s - a potion of lignification {unknown}


   Skills:
 + Level 6.7 Fighting
 + Level 6.9 Dodging
 * Level 10.0 Unarmed Combat
 - Level 3.0 Spellcasting
 + Level 6.8 Transmutations
 - Level 3.0 Ice Magic


You had 2 spell levels left.
You knew the following spells:

 Your Spells              Type           Power        Failure   Level
a - Beastly Appendage     Tmut           44%          1%          1
b - Spider Form           Tmut/Pois      6%           14%         3
c - Ice Form              Ice/Tmut       17%          26%         4
d - Blade Hands           Tmut           11%          32%         5

Your spell library contained the following spells:

 Spells                   Type           Power        Failure   Level
 Wereblood                Tmut           22%          1%          2
 Animate Skeleton         Necr           4%           21%         1
 Apportation              Tloc           4%           21%         1
 Corona                   Hex            2%           21%         1
 Summon Small Mammal      Summ           8%           21%         1


Dungeon Overview and Level Annotations

Branches:
Dungeon (9/15)             Temple (1/1) D:6             Orc (0/2) D:9
   Lair: D:8-11

Altars:
Ashenzari
Cheibriados
Dithmenos
Elyvilon
Gozag
Hepliaklqana
Kikubaaqudgha
Makhleb
Nemelex Xobeh
Okawaru
Qazlal
Ru
Sif Muna
Trog
Uskayaw
Vehumet
Wu Jian
Xom
Yredelemnul
Zin
The Shining One


Innate Abilities, Weirdness & Mutations

You cannot wear most types of armour.
You are very stealthy in the water. (Stealth+)
You are amphibious.
You can wear up to eight rings at the same time.
((You can use your tentacles to constrict eight enemies at once.))
((Your skin changes colour to match your surroundings (Stealth+).))
((Your rubbery body absorbs attacks. (AC +1, EV +1)))


Message History

Confirm with . or Enter, or press ? or * to list all spells.
You turn into a creature of crystalline ice.
The troll bites you. The troll closely misses you. The troll barely misses you.
The troll bites you! The troll claws you. The troll closely misses you.
You hit the troll but do no damage. The troll bites you but does no damage.
The troll closely misses you. The troll claws you!
* * * LOW HITPOINT WARNING * * *
You punch the troll! You freeze the troll.
The troll is heavily wounded.
The troll barely misses you. The troll completely misses you.
The troll claws you!
* * * LOW HITPOINT WARNING * * *
You punch the troll! You freeze the troll.
The troll is almost dead.
You barely miss the troll.
The troll is almost dead.
The troll bites you.
* * * LOW HITPOINT WARNING * * *
The troll claws you!
You die...

##### #...# ... ...
#.# # #.# ...
#.##.#####.## #.#
#.....TY....# #)#
#.##.!####.####.#
#..#......##.#
...?#......##.#
.....#......##.#
.....###......##.#####
#...# #......##.....#
##.# ####..........#
#########..#


You could see a troll.

Vanquished Creatures
  2 two-headed ogres
  A steam dragon (D:8)
  4 orc warriors
  A water moccasin (D:8)
  An ice beast (D:8)
  2 black bears
  2 phantoms
  A sky beast (D:8)
  6 ogres
  A necrophage (D:5)
  4 centaurs
  6 bullfrogs
  2 scorpions
  8 wights
  A howler monkey (D:9)
  A bullfrog zombie (D:6)
  5 hounds
  3 orc priests
  2 jellies
  3 bullfrog skeletons
  2 iguanas
  Jessica (D:2)
  4 orc wizards
  6 worker ants
  A hound zombie (D:9)
  A hound skeleton (D:6)
  A howler monkey zombie (D:5)
  A worker ant zombie (D:9)
  8 gnolls
  11 adders
  A howler monkey skeleton (D:9)
  A shadow imp (D:9)
  2 white imps
  3 ufetubi
  An adder skeleton (D:6)
  An adder zombie (D:5)
  2 worms
  5 dart slugs
  4 leopard geckos
  52 orcs
  A giant cockroach (D:2)
  12 goblins
  2 hobgoblins
  9 jackals
  6 kobolds
  5 quokkas
  5 bats
  3 frilled lizards
  A quokka zombie (D:5)
  2 rats (D:1)
  3 rat zombies (D:6)
213 creatures vanquished.

Notes
Turn   | Place    | Note
-------+----------+-------------------------------------------
     0 | D:1      | kae the Octopode Transmuter began the quest for the Orb.
     0 | D:1      | Reached XP level 1. HP: 13/13 MP: 3/3
   568 | D:1      | Reached XP level 2. HP: 13/18 MP: 3/5
  1259 | D:2      | Reached XP level 3. HP: 23/23 MP: 4/6
  1463 | D:2      | You fall into a shaft and drop 1 floor!
  2005 | D:2      | Noticed Jessica
  2016 | D:2      | Killed Jessica
  2017 | D:2      | Reached XP level 4. HP: 22/29 MP: 5/7
  3212 | D:3      | Reached skill level 4 in Unarmed Combat
  3212 | D:3      | Reached XP level 5. HP: 34/34 MP: 6/8
  3326 | D:3      | Found a burning altar of Makhleb.
  3456 | D:3      | Found a shimmering blue altar of Sif Muna.
  4285 | D:4      | Noticed an ogre
  4300 | D:4      | Killed an ogre
  4301 | D:4      | Reached XP level 6. HP: 23/41 MP: 10/10
  4676 | D:4      | Learned a level 3 spell: Spider Form
  4681 | D:4      | Learned a level 4 spell: Ice Form
  4692 | D:5      | Entered Level 5 of the Dungeon
  4701 | D:5      | Noticed a necrophage
  4707 | D:5      | Killed a necrophage
  4708 | D:5      | Reached skill level 5 in Unarmed Combat
  4743 | D:5      | Found a snail-covered altar of Cheibriados.
  4760 | D:5      | Found an iron altar of Okawaru.
  4760 | D:5      | Found an opulent altar of Gozag.
  4779 | D:5      | Reached XP level 7. HP: 44/46 MP: 9/11
  4948 | D:5      | Reached skill level 1 in Ice Magic
  6826 | D:5      | Reached XP level 8. HP: 52/54 MP: 10/12
  6887 | D:6      | Reached skill level 6 in Unarmed Combat
  7145 | D:6      | Found a staircase to the Ecumenical Temple.
  7173 | Temple   | Entered the Ecumenical Temple
  7340 | Temple   | Became a worshipper of Ru the Awakened
  7734 | D:5      | Found a basalt altar of Yredelemnul.
  7734 | D:5      | Found a glowing silver altar of Zin.
  7941 | D:6      | Found an ancient bone altar of Kikubaaqudgha.
  8871 | D:6      | Reached skill level 7 in Unarmed Combat
  9460 | D:7      | Reached XP level 9. HP: 52/59 MP: 11/13
  9699 | D:7      | Reached skill level 5 in Dodging
 10192 | D:8      | Noticed a two-headed ogre
 10201 | D:8      | Reached skill level 5 in Transmutations
 10358 | D:8      | Learned a level 5 spell: Blade Hands
 10376 | D:8      | Found a shadowy altar of Dithmenos.
 10449 | D:8      | Reached skill level 5 in Fighting
 11088 | D:8      | Killed a two-headed ogre
 11089 | D:8      | Reached skill level 8 in Unarmed Combat
 11737 | D:8      | Reached XP level 10. HP: 57/68 MP: 10/14
 11738 | D:8      | Reached skill level 9 in Unarmed Combat
 13092 | D:9      | Noticed a two-headed ogre
 13102 | D:9      | Killed a two-headed ogre
 13689 | D:9      | Found a staircase to the Orcish Mines.
 13760 | D:9      | Reached skill level 10 in Unarmed Combat
 13800 | D:9      | Mangled by a troll

Illustrated notes

Levels and vault maps discovered:
D:1:      shiori_arrival_maze, layout_basic
D:2:      layout_basic, uniq_jessica
D:3:      layout_loops_ring, led_sif_pool, bloody_makhleb
D:4:      layout_cave_pods
D:5:      layout_loops_cross, nicolae_overflow_hidden_temple,
          chequers_serial_rivers_micro_c, chequers_serial_rivers_room_a,
          kennysheep_crisscross
D:6:      layout_loops_ring, lemuel_zombie_altar_kikubaaqudgha,
          minmay_temple_entry_statues_fountains, minmay_misc_feat_room,
          chequers_avenue
D:7:      layout_basic, enter_bailey_3
D:8:      layout_basic, marbit_many_paths, special_room [special_room_orc],
          hangedman_minor_gate_pass
D:9:      layout_loops_cross, lemuel_round_altar, hiddenorc1_lemuel,
          ploomutoo_gammafunk_ghost_potion_laboratory, grunt_gozag_breadcrumbs
Temple:   cyrus_circular_temple

Skill      XL: |  1  2  3  4  5  6  7  8  9 10 |
---------------+-------------------------------+-----
Fighting       | 2 3 4 6 |  6.7
Unarmed Combat | 4 5 7 8 10 | 10.0
Dodging        | 3 4 6 |  6.9
Transmutations | 3 4 6 |  6.8
Spellcasting   | 3 |  3.0
Ice Magic      | 2 3 |  3.0

Action                   |  1- 3 |  4- 6 |  7- 9 | 10-12 || total
-------------------------+-------+-------+-------+-------++-------
Melee: Unarmed           |    51 |    86 |   347 |   143 ||   627
       Constrict         |    18 |    22 |    29 |     3 ||    72
       Tentacles         |    10 |    19 |    20 |     3 ||    52
       Kick              |    13 |    25 |    29 |       ||    67
       Punch             |       |     1 |     4 |       ||     5
 Cast: Beastly Appendage |    18 |    25 |    20 |     1 ||    64
       Spider Form       |       |       |    25 |       ||    25
       Ice Form          |       |       |     7 |    13 ||    20
Invok: Reject Sacrifices |       |       |     1 |       ||     1
  Use: Scroll            |       |    12 |     7 |       ||    19
       Potion            |       |       |     4 |       ||     4
 Stab: Sleeping          |     3 |     4 |     4 |       ||    11
Armor: Skin              |     2 |     6 |    22 |    16 ||    46
Dodge: Dodged            |    30 |    60 |   251 |    86 ||   427

Table legend: (Time is in decaauts)
 A = Elapsed time spent in this place.
 B = Non-inter-level travel time spent in this place.
 C = Inter-level travel time spent in this place.
 D = Time resting spent in this place.
 E = Time spent auto-exploring this place.
 F = Levels seen in this place.
 G = Mean time per level.
                   A        B        C        D        E       F      G
               +--------+--------+--------+--------+--------+-----+--------+
         Total |  13738 |  13436 |    302 |   1766 |   9997 |  10 | 1373.8 |
       Dungeon |  13563 |  13267 |    296 |   1766 |   9836 |   9 | 1507.0 |
        Temple |    174 |    168 |      6 |      0 |    161 |   1 |  174.0 |
               +--------+--------+--------+--------+--------+-----+--------+

Top non-repeatable levels by time:
     D:8: 2566 daAuts
     D:6: 2133 daAuts
     D:5: 1730 daAuts
     D:4: 1502 daAuts
     D:2: 1409 daAuts
     D:1: 1244 daAuts
     D:9: 1107 daAuts
     D:3: 1000 daAuts
     D:7: 868 daAuts
  Temple: 174 daAuts
